 Dungeon Crawl Stone Soup version 0.32-a0-841-g4648e6c457 (webtiles) character file.

Game seed: 11163464803337926987

94 porpoise the Shield-Bearer (level 4, -2/37 HPs)
             Began as a Formicid Fighter on Mar 27, 2024.
             Succumbed to a kobold's poison
             ... on level 2 of the Dungeon.
             The game lasted 00:07:55 (1864 turns).

porpoise the Shield-Bearer (Formicid Fighter)       Turns: 1864, Time: 00:07:55

Health: -2/37      AC:  6    Str: 22    XL:     4   Next: 94%
Magic:  4/4        EV:  8    Int:  8    God:
Gold:   143        SH:  5    Dex: 13    Spells: 3/3 levels left

rFire   . . .        a - +0 war axe
rCold   . . .        c - +0 buckler
rNeg    . . .        b - +0 scale mail
rPois   .            (helmet unavailable)
rElec   .            (no cloak)
rCorr   .            (no gloves)
SInv    +            (no boots)
Will    .....        (no amulet) Stlth
                     (no ring)
HPRegen 0.26/turn    (no ring)
MPRegen 0.09/turn

%: no passive effects
@: lethally poisoned (-2 -> -17)
A: permanent stasis, dig shafts and tunnels, antennae 3, four strong arms
a: Dig, Shaft Self


You were on level 2 of the Dungeon.
You visited 1 branch of the dungeon, and saw 2 of its levels.

You collected 143 gold pieces.

Inventory:

Hand Weapons
 a - a +0 war axe (weapon)
Missiles
 j - 3 poisoned darts
Armour
 b - a +0 scale mail (worn)
 c - a +0 buckler (worn)
 l - a scarf of harm
Scrolls
 e - a scroll of enchant weapon {unknown}
 i - a scroll of silence {unknown}
 k - a scroll of teleportation {unknown}
 m - 3 scrolls of revelation {unknown}
 n - a scroll of identify {unknown}
Potions
 d - 2 potions of might
 f - a potion of heal wounds {unknown}
 g - a potion of lignification {unknown}
 h - a potion of cancellation {unknown}


   Skills:
 + Level 4.0 Fighting
 * Level 3.6 Axes
 - Level 3.2 Armour
 + Level 4.8 Shields


You had 3 spell levels left.
You didn't know any spells.
Your spell library contained the following spells:

 Spells                   Type           Power      Damage    Failure   Level
 Passwall                 Erth           0%         N/A       99%         3
 Volatile Blastmotes      Fire/Tloc      0%         2d10      99%         3
 Bombard                  Conj/Erth      0%         9d1       100%        6


Dungeon Overview and Level Annotations

Branches:
Dungeon (2/15)

Altars:

Shops:
D:1 =(


Innate Abilities, Weirdness & Mutations

You cannot be hasted, slowed, berserked, paralysed or teleported.
You can dig through walls and to a lower floor.
You have a pair of large antennae on your head. (SInv)
Your four strong arms can wield two-handed weapons with a shield.


Message History

A kobold comes into view. It is wielding a +0 dagger of venom.
The kobold shouts!
A ball python comes into view.
You closely miss the rat. The rat closely misses you.
You slash the rat!
You kill the rat!
The kobold hits you but does no damage.
You are poisoned.
You closely miss the kobold.
You feel very sick. The kobold hits you but does no damage.
You are more poisoned.
You completely miss the kobold.
You feel very sick. The kobold completely misses you.
You barely miss the kobold.
You feel very sick. The kobold hits you but does no damage.
You are more poisoned.
The kobold hits you but does no damage.
You are lethally poisoned!
You hit the kobold.
The kobold is severely wounded.
You feel extremely sick. The kobold hits you but does no damage.
You are more poisoned.
You closely miss the kobold.
The kobold is severely wounded.
* * * LOW HITPOINT WARNING * * *
You feel extremely sick. The kobold closely misses you.
You slash the kobold!
You kill the kobold!
* * * LOW HITPOINT WARNING * * *
You feel extremely sick. The ball python closely misses you.
The ball python grabs you. The ball python constricts you.
You slash the ball python!
You kill the ball python!
You die...

########†## ##.(......#
.........# #.######.####
########.## ##.#
#..#.†.. ##.##
##.#####.#.####
##.###........#.###.
####...#####.........
##.......# #÷###.####
#.....#÷.# #<# #.#
#..##@#..# #.# #^#
#..##)#..####.###.#
...................####
##............#.######..
...............# #.#
........##.### #.#
.....##..##.# #.# ###.##
#..##)# #.# #.
#..##†########.#


There were no monsters in sight!

Vanquished Creatures
  2 adders (D:2)
  2 ribbon worms (D:2)
  4 dart slugs
  A bat (D:1)
  6 endoplasms
  A giant cockroach (D:2)
  6 goblins
  7 hobgoblins
  9 jackals (D:2)
  3 kobolds
  A quokka (D:2)
  6 ball pythons
  7 frilled lizards
  4 rats
59 creatures vanquished.

Notes
Turn   | Place    | Note
-------+----------+-------------------------------------------
     0 | D:1      | porpoise the Formicid Fighter began the quest for the Orb.
     0 | D:1      | Reached XP level 1. HP: 18/18 MP: 1/1
   106 | D:1      | Reached XP level 2. HP: 23/24 MP: 2/2
   116 | D:1      | Found Emawnirgh's Jewellery Boutique.
   132 | D:1      | Found Keohuong's Antique Weapon Emporium.
   379 | D:1      | Reached XP level 3. HP: 29/29 MP: 3/3
  1106 | D:2      | Reached XP level 4. HP: 37/37 MP: 4/4
  1864 | D:2      | Succumbed to a kobold's poison

Illustrated notes

Levels and vault maps discovered:
D:1:      onia_arrival_mini_maze, layout_basic, serial_bayou,
          serial_bayou_pond_c, serial_bayou_pond_a, serial_bayou_lake_a,
          serial_bayou_pond_b, serial_shops, shop, shop
D:2:      layout_loops_ring

Skill      XL: |  1  2  3  4 |
---------------+-------------+-----
Axes           | 3 |  3.6
Fighting       | 4 |  4.0
Armour         | |  3.2
Shields        | |  4.8

Action                     |  1- 3 |  4- 6 || total
---------------------------+-------+-------++-------
  Melee: War axe           |    72 |    92 ||   164
 Armour: Scale mail        |    26 |    58 ||    84
  Dodge: Dodged            |    34 |    33 ||    67
  Block: Buckler           |     8 |    27 ||    35

Table legend: (Time is in decaauts)
 A = Elapsed time spent in this place.
 B = Non-inter-level travel time spent in this place.
 C = Inter-level travel time spent in this place.
 D = Time resting spent in this place.
 E = Time spent auto-exploring this place.
 F = Levels seen in this place.
 G = Mean time per level.
                   A        B        C        D        E       F      G
               +--------+--------+--------+--------+--------+-----+--------+
         Total |   1936 |   1898 |     38 |    403 |   1034 |   2 |  968.0 |
       Dungeon |   1936 |   1898 |     38 |    403 |   1034 |   2 |  968.0 |
               +--------+--------+--------+--------+--------+-----+--------+

Top non-repeatable levels by time:
     D:1: 986 daAuts
     D:2: 950 daAuts
